cohdb
Replays
Latest Replays
All Replays
Popular Replays
Top Player Replays
Match Explorer
How It Works
Community
CoH3 Stats
Reddit
Sign in to upload your games and track your stats! →
Sign in with Steam
Match 39836293
Unlisted
Match 39836293
Overview
Messages
Build Orders
End
Royal Engineer Section
Vickers Machine Gun Team
Royal Engineer Section
Vickers Machine Gun Team
Construct Section Command Post
Selects Canadian Shock Battlegroup
ML 3-inch Mortar Team
Selects Attacking Spirit
Selects Canadian Shock Section
Canadian Shock Section
Construct Platoon Command Post
Selects Incendiary Munitions
Selects Pyrotechnics
Canadian Shock Section
Construct Company Command Post
ßoo
Brigadierbadge®
0
0
Comments
sign in to comment!
No comments posted yet!